 Dungeon Crawl Stone Soup version 0.16.1-11-g651b585 (webtiles) character file.

6796 jacksonaction the Blocker (level 11, 0/100 HPs)
             Began as an Octopode Fighter on Apr 6, 2015.
             Was a Believer of Okawaru.
             Slain by a wolf (7 damage)
             ... led by Grum
             ... on level 9 of the Dungeon.
             The game lasted 01:06:09 (13720 turns).

jacksonaction the Blocker (Octopode Fighter)       Turns: 13720, Time: 01:06:10

Health: 0/100      AC: 25    Str: 19    XL:     11   Next: 5%
Magic:  20/20      EV:  2    Int: 11    God:    Okawaru [**....]
Gold:   698        SH: 13    Dex: 15    Spells: 0 memorised, 10 levels left

rFire  . . .     SeeInvis .     a - +7 Spriggan's Knife {MR+ EV+4 Dex+4 Stlth+}
rCold  . . .     Clarity  .     c - +0 shield
rNeg   + + +     SustAb   .     (helmet currently unavailable)
rPois  +         Gourm    .     (no amulet)
rElec  .         Spirit   .     (no ring)
rCorr  .         Warding  .     (no ring)
rMut   .         NoTele   +     (no ring)
MR     +....                    (no ring)
Stlth  ++++++++..               (no ring)
                                (no ring)
                                (no ring)
                                (no ring)

@: tree-form, heroism, somewhat resistant to hostile enchantments,
extraordinarily stealthy
A: almost no armour, amphibious, 8 rings, (constrict 8), (camouflage 0),
(gelatinous body 0)
a: Heroism, Renounce Religion


You were on level 9 of the Dungeon.
You worshipped Okawaru.
Okawaru was pleased with you.
You were not hungry.
You were a tree.
You visited 3 branches of the dungeon, and saw 11 of its levels.

You collected 698 gold pieces.

Inventory:

Hand weapons
 a - the +7 Spriggan's Knife (weapon) {MR+ EV+4 Dex+4 Stlth+}
   (You found it on level 6 of the Dungeon)

   It affects your evasion (+4).
   It affects your dexterity (+4).
   It affects your resistance to hostile enchantments.
   It makes you more stealthy.
 S - a +0 blowgun
Missiles
 r - 25 poisoned needles
 P - 5 tomahawks (quivered)
Armour
 c - a +0 shield (worn)
Magical devices
 s - a wand of magic darts (29)
 D - a wand of digging (13)
 E - a wand of flame (24)
 H - a wand of confusion (31)
 I - a wand of teleportation (4)
 M - a wand of flame (23)
 Q - a wand of slowing (10)
 R - a wand of random effects (23)
Scrolls
 b - 5 scrolls of remove curse
 i - 2 scrolls of identify
 j - a scroll of fear {unknown}
 k - 4 scrolls of teleportation
 n - 2 scrolls of random uselessness {unknown}
 o - a scroll of enchant armour {unknown}
 p - 4 scrolls of recharging
 w - a scroll of fog {unknown}
 x - 2 scrolls of enchant weapon {unknown}
 y - 2 scrolls of blinking
 A - 2 scrolls of noise {unknown}
 F - a scroll of magic mapping {unknown}
 J - a scroll of amnesia {unknown}
 O - a scroll of immolation {unknown}
Potions
 e - a potion of might
 q - a potion of lignification
 t - a potion of degeneration {unknown}
 u - a potion of curing
 v - a potion of mutation {unknown}
 z - a potion of agility {unknown}
 B - a potion of poison {unknown}
 C - a potion of ambrosia {unknown}
 G - a potion of heal wounds {unknown}
 K - 3 potions of berserk rage {unknown}
 L - a potion of resistance {unknown}
 N - a potion of restore abilities {unknown}
Comestibles
 d - 7 bread rations
 f - 3 chunks of flesh
 g - 3 meat rations
 h - a slice of pizza
 l - 4 fruits
 m - 6 beef jerkies


   Skills:
 - Level 3.0(8.0) Fighting
 - Level 7.5(12.5) Short Blades
   Level 7.1(12.1) Polearms
 - Level 7.2(12.2) Dodging
 - Level 6.1(11.1) Stealth
 - Level 8.8(13.8) Shields
 + Level 5.4 Invocations
 - Level 4.2 Evocations


You had 10 spell levels left.
You didn't know any spells.

Dungeon Overview and Level Annotations

Branches:
Dungeon (9/15)             Temple (1/1) D:7             Orc (1/4) D:9
   Lair: D:8-11

Altars:
Ashenzari
Cheibriados
Dithmenos
Fedhas
Gozag
Kikubaaqudgha
Nemelex Xobeh
Okawaru
Qazlal
Sif Muna
Trog
Xom
Zin

Shops:
D:4 }

Annotations:
D:3 Ljcope's ghost, average OpWz


Innate Abilities, Weirdness & Mutations

You cannot wear most types of armour.
You are amphibious.
You can wear up to eight rings at the same time.
((You can use your tentacles to constrict many enemies at once.))
((Your skin changes colour to match your surroundings (Stealth).))
((Your rubbery body absorbs attacks (AC +1).))


Message History

You feel better. The wolf closely misses you. You block the wolf's attack.
You block the wolf's attack. The orc completely misses you.
You block the wolf's attack. The wolf barely misses you.
You block the wolf's attack. The wolf closely misses you.
You block the wolf's attack. x2
The orc hits you with a flail!
* * * LOW HITPOINT WARNING * * *
You climb upwards.
Welcome back to the Dungeon!
There is a staircase to the Orcish Mines here.
Drink which item? (? for menu, Esc to quit)
You turn into a tree.
Your roots penetrate the ground.
The wolf bites you but does no damage. x4
You block the wolf's attack. You block the orc's attack.
You block the wolf's attack.
You hit the wolf.
The wolf is severely wounded.
The wolf bites you.
* * * LOW HITPOINT WARNING * * *
You block the wolf's attack. The wolf bites you!
You die...

####..#.#.#...##......###....
###.##..#.#..#.#.### #....
#####.#.###.##.#.#.# ###.#
##.####......##.##..## ##.#
#..##.......#.....#..# #...
#.##..##.##..#.#.##.## #...
#.###..#....#..##.#..# #...
##.###.#####h.##.#..#####...
###..##.##..h♣o........##.'...
####...#####..#.h##.###.####.#...
.........####...#.#...#.# #.#...
####.######........##..#######...
#.# #....##.#....#.#.## #... #.#
##...)##.#..#.....# #... #.#
#.###)..####.#.#.# #### #.#
##.#.)###........## # #.#
#..##.####..##...÷### #


You could see 3 wolves and an orc.

Vanquished Creatures
  A cyclops (D:8)
  The ghost of advil the Grappler, an experienced VSMo (D:7)
  A hippogriff (D:8)
  2 hungry ghosts
  Eustachio (D:5)
  Grum (Orc:1)
  An ice beast (D:6)
  A water moccasin (D:8)
  3 centaurs
  A sky beast (D:8)
  5 ogres
  4 orc warriors
  A necrophage (D:9)
  4 phantoms
  A crocodile (D:8)
  2 big kobolds (D:9)
  Blork the orc (D:9)
  3 giant frogs
  2 gnoll sergeants
  A troll zombie (D:9)
  16 killer bees
  3 scorpions
  3 goliath beetles
  2 crimson imps
  7 jellies
  10 orc wizards
  2 centaur skeletons
  9 hounds
  An iguana (D:7)
  5 orc priests
  Natasha (thrice) (D:6)
  A quasit (D:7)
  11 worker ants
  A killer bee zombie (D:9)
  Ijyb (D:2)
  5 ogre zombies (D:9)
  3 hound skeletons
  15 gnolls
  9 adders
  A giant mite (D:3)
  6 shadow imps
  5 worms
  An adder skeleton (D:4)
  7 giant geckos
  An ooze (D:2)
  33 orcs
  6 giant cockroaches
  12 hobgoblins
  15 jackals
  5 quokkas
  2 ball pythons
  19 bats
  A giant gecko zombie (D:6)
  4 giant newts
  16 goblins
  A goblin zombie (D:9)
  A hobgoblin skeleton (D:9)
  A hobgoblin zombie (D:9)
  A jackal zombie (D:7)
  25 kobolds
  3 orc skeletons (D:9)
  13 orc zombies (D:9)
  A quokka zombie (D:5)
  15 rats
339 creatures vanquished.

Notes
Turn   | Place    | Note
--------------------------------------------------------------
     0 | D:1      | jacksonaction, the Octopode Fighter, began the quest for the Orb.
     0 | D:1      | Reached XP level 1. HP: 16/16 MP: 1/1
   162 | D:1      | Reached XP level 2. HP: 14/21 MP: 2/2
   758 | D:1      | Reached XP level 3. HP: 26/26 MP: 3/3
  1329 | D:2      | Noticed Ijyb
  1343 | D:2      | Killed Ijyb
  1343 | D:2      | Reached skill level 4 in Polearms
  1343 | D:2      | Reached XP level 4. HP: 31/31 MP: 4/4
  1922 | D:2      | Reached skill level 5 in Polearms
  1922 | D:2      | Reached XP level 5. HP: 36/36 MP: 5/5
  2205 | D:3      | Noticed Ljcope's ghost (average OpWz)
  3341 | D:4      | Reached skill level 6 in Polearms
  3341 | D:4      | Reached XP level 6. HP: 36/42 MP: 6/6
  3383 | D:4      | Found a shimmering altar of Xom.
  3383 | D:4      | Found a shimmering altar of Xom.
  3383 | D:4      | Found a shimmering altar of Xom.
  3383 | D:4      | Found a shimmering altar of Xom.
  3794 | D:4      | Found Pruxam's Gadget Emporium.
  3866 | D:4      | Noticed a phantom
  3938 | D:4      | Killed a phantom
  3938 | D:4      | Reached skill level 7 in Polearms
  4167 | D:4      | Reached XP level 7. HP: 36/46 MP: 7/7
  4723 | D:5      | Entered Level 5 of the Dungeon
  4738 | D:5      | Noticed Eustachio
  4758 | D:5      | Killed Eustachio
  4850 | D:5      | Reached skill level 5 in Dodging
  5164 | D:5      | Found a glowing silver altar of Zin.
  5318 | D:5      | Found a stormy altar of Qazlal.
  5498 | D:5      | You fall through a shaft!
  5583 | D:6      | Reached XP level 8. HP: 30/52 MP: 8/8
  6410 | D:5      | Reached skill level 1 in Evocations
  6837 | D:5      | Found a glowing silver altar of Zin.
  6936 | D:6      | Noticed Natasha
  6951 | D:6      | Reached skill level 1 in Short Blades
  7635 | D:6      | Killed Natasha
  7638 | D:6      | Reached XP level 9. HP: 50/56 MP: 13/13
  7653 | D:6      | Reached skill level 5 in Short Blades
  7841 | D:6      | Noticed Natasha
  7845 | D:6      | Killed Natasha
  7911 | D:6      | Noticed Natasha
  7913 | D:6      | Killed Natasha
  7953 | D:6      | Found a blossoming altar of Fedhas.
  7956 | D:6      | Found an ancient bone altar of Kikubaaqudgha.
  8018 | D:6      | Found a shadowy altar of Dithmenos.
  8018 | D:6      | Found a deep blue altar of Sif Muna.
  8507 | D:6      | Found a deep blue altar of Sif Muna.
  8636 | D:7      | Noticed advil's ghost (experienced VSMo)
  8949 | D:7      | Found a staircase to the Ecumenical Temple.
  8954 | Temple   | Entered the Ecumenical Temple
  8996 | Temple   | Became a worshipper of Warmaster Okawaru
  9282 | D:7      | Killed advil's ghost
  9861 | D:7      | Reached skill level 5 in Stealth
 10181 | D:8      | Acquired Okawaru's first power
 10181 | D:8      | Reached XP level 10. HP: 63/63 MP: 17/17
 10924 | D:8      | Found a snail-covered altar of Cheibriados.
 10935 | D:8      | Noticed a cyclops
 10947 | D:8      | Killed a cyclops
 10947 | D:8      | Reached skill level 5 in Shields
 11422 | D:8      | Found an opulent altar of Gozag.
 12383 | D:9      | Found a staircase to the Orcish Mines.
 12404 | D:9      | Reached skill level 8 in Shields
 13453 | Orc:1    | Entered Level 1 of the Orcish Mines
 13453 | Orc:1    | Noticed Blork the orc
 13460 | D:9      | Killed Blork the orc
 13472 | D:9      | Reached XP level 11. HP: 67/67 MP: 17/18
 13618 | Orc:1    | Reached skill level 5 in Invocations
 13683 | Orc:1    | Found a bloodstained altar of Trog.
 13691 | Orc:1    | Noticed Grum
 13703 | Orc:1    | Killed Grum
 13720 | D:9      | Slain by a wolf

Action                   |  1- 3 |  4- 6 |  7- 9 | 10-12 || total
-------------------------+-------+-------+-------+-------++-------
Melee: Trident           |    92 |   187 |   157 |       ||   436
       Knife             |       |       |   233 |   345 ||   578
Throw: Stone             |    14 |    93 |    58 |     8 ||   173
       Tomahawk          |       |       |       |     7 ||     7
Invok: Heroism           |       |       |       |     4 ||     4
Evoke: Wand              |       |       |     1 |       ||     1
  Use: Scroll            |       |       |     2 |     5 ||     7
       Potion            |       |       |     2 |     5 ||     7
 Stab: Sleeping          |     6 |     3 |    13 |    14 ||    36
       Distracted        |     2 |     2 |     3 |     1 ||     8
  Eat: Chunk             |     1 |     9 |    16 |    14 ||    40
       Pizza             |       |       |     1 |       ||     1
       Royal jelly       |       |       |     1 |       ||     1
